 Dungeon Crawl Stone Soup version 0.22.1-2-g9c5b331 (webtiles) character file.

50173 Monzz the Slicer (level 14, -3/126 HPs)
             Began as a Hill Orc Monk on Dec 16, 2018.
             Was the Champion of Beogh.
             Shot with a sling bullet by a satyr (26 damage)
             ... on level 3 of the Shoals.
             The game lasted 02:04:35 (22436 turns).

Monzz the Slicer (Hill Orc Monk)                   Turns: 22436, Time: 02:04:35

Health: -3/126     AC: 26    Str: 19    XL:     14   Next: 54%
Magic:  16/16      EV: 17    Int: 10    God:    Beogh [******]
Gold:   646        SH: 10    Dex: 22    Spells: 13/13 levels left

rFire    + + .     SeeInvis +   j - +9 short sword (venom)
rCold    . . .     Gourm    .   R - +3 buckler
rNeg     . . .     Faith    .   n - +5 chain mail {rF+}
rPois    +         Spirit   .   Q - +2 hat {SInv}
rElec    +         Reflect  .   S - +1 cloak of Youthful Indiscretion {rPois MR+ Dex+2}
rCorr    .         Harm     +   d - +2 pair of gloves
MR       ++...                  (no boots)
Stlth    +.........             I - amulet of harm
HPRegen  0.31/turn              G - ring of flight
MPRegen  0.15/turn              J - ring of protection from fire

@: agile, slowed, very slow
A: walk on water, agile 1, electricity resistance
a: Smiting, Recall Orcish Followers, Give Item to Named Follower, Resurrection,
Renounce Religion, Evoke Flight


You were on level 3 of the Shoals.
You worshipped Beogh.
Beogh was exalted by your worship.
You were not hungry.

You visited 4 branches of the dungeon, and saw 22 of its levels.
You also visited: Sewer.

You collected 1904 gold pieces.
You spent 1258 gold pieces at shops.

Inventory:

Hand Weapons
 j - a +9 short sword of venom (weapon)
 l - a +1 battleaxe of draining
 q - a +4 falchion
 B - a +0 trident of protection
 O - a +0 spear of venom
 U - a +0 spear of flaming
 V - a +0 battleaxe of freezing
Missiles
 u - 44 tomahawks (quivered)
Armour
 d - a +2 pair of gloves (worn)
 n - a +5 chain mail of fire resistance (worn)
 x - a +0 plate armour of magic resistance
 Q - a +2 hat of see invisible (worn)
 R - a +3 buckler (worn)
 S - the +1 cloak of Youthful Indiscretion (worn) {rPois MR+ Dex+2}
   (You found it on level 2 of the Shoals)

   It affects your dexterity (+2).
   It protects you from poison.
   It affects your resistance to hostile enchantments.
Jewellery
 k - an uncursed ring of protection from fire
 r - a cursed amulet of faith {unknown}
 t - an uncursed ring of see invisible {unknown}
 G - a ring of flight (left hand)
 I - an amulet of harm (around neck)
 J - a ring of protection from fire (right hand)
Wands
 i - a wand of digging (27)
 y - a wand of clouds (7)
 E - a wand of acid (11)
 K - a wand of iceblast (5)
 M - a wand of disintegration (15)
 P - a wand of paralysis (22)
 Z - a wand of flame (34)
Scrolls
 a - a scroll of identify
 b - a scroll of fear
 o - a scroll of holy word
 w - 4 scrolls of teleportation
 z - 2 scrolls of fog
 D - 3 scrolls of remove curse
 N - a scroll of brand weapon
 T - a scroll of amnesia
Potions
 e - a potion of heal wounds
 f - 8 potions of curing
 g - 3 potions of might
 m - 3 potions of haste
 p - 5 potions of brilliance
 s - a potion of lignification
 A - 2 potions of flight
 C - 3 potions of agility
 F - a potion of invisibility {unknown}
 L - 4 potions of resistance
 X - 5 potions of berserk rage
Miscellaneous
 Y - a lamp of fire
Comestibles
 c - 26 rations


   Skills:
 * Level 12.0 Fighting
 * Level 14.5 Short Blades
 - Level 4.1 Axes
 + Level 1.1 Throwing
 * Level 13.7 Armour
 + Level 6.1 Dodging
 - Level 4.2 Stealth
 * Level 8.2 Shields
 * Level 2.8 Invocations
 + Level 3.6 Evocations


You had 13 spell levels left.
You didn't know any spells.
Your spell library contained the following spells:

 Spells                   Type           Power        Failure   Level  Hunger
 Sandblast                Erth           #.....       93%         1    ##.....
 Passwall                 Tmut/Erth      #.......     98%         2    ###....
 Stone Arrow              Conj/Erth      #.....       100%        3    ####...
 Cause Fear               Hex            #.........   100%        4    #####..
 Petrify                  Tmut/Erth      #.......     100%        4    #####..
 Summon Lightning Spire   Summ/Air       #.......     100%        4    #####..
 Lee's Rapid Deconstruct  Erth           #.........   100%        5    ######.
 Metabolic Englaciation   Hex/Ice        #.........   100%        5    ######.
 Silence                  Hex/Air        #.........   100%        5    ######.
 Conjure Ball Lightning   Conj/Air       #.........   100%        6    #######
 Darkness                 Hex            #.........   100%        6    #######
 Deflect Missiles         Chrm/Air       #.........   100%        6    #######
 Tornado                  Air            #.........   100%        9    #######


Dungeon Overview and Level Annotations

Branches:
Dungeon (12/15)            Temple (0/1) D:6            Lair (6/6) D:8
 Shoals (3/4) Lair:2        Snake (0/4) Lair:4        Slime (0/5) Lair:6
    Orc (2/2) D:11            Elf (0/3) Orc:2

Altars:
Dithmenos
Gozag
Sif Muna
Wu Jian
Yredelemnul
Jiyva

Shops:
D:6 :   Orc:2 !?(}

Portals:
Pandemonium: Orc:2

Annotations:
Lair:6 exclusion: oklob plant


Innate Abilities, Weirdness & Mutations

You can walk on water.
You are agile. (Dex +2)
You are resistant to electric shocks. (rElec)


Message History

The satyr radiates an aura of fear!
You easily resist.
You see here a sling bullet.
Your orc knight no longer looks unusually strong.
Your orc knight roars a battlecry!
Your orc knight goes into a battle-frenzy!
The satyr plays a frightful melody on his pipes!
The satyr radiates an aura of fear!
You resist with almost no effort.
Found a scroll of noise and 19 sling bullets.
You hit the satyr.
The satyr is poisoned.
The satyr is lightly wounded.
The satyr shoots a sling bullet.
The sling bullet hits you!!
* * * LOW HITPOINT WARNING * * *
The satyr shoots an arrow.
The arrow hits your orc priest!
Your orc priest dies!
You feel much better.
Your orc knight no longer looks unusually strong.
Argrim seems to regain its courage.
Warbeogh seems to regain its courage.
A sea snake comes into view.
The satyr shoots a sling bullet.
The sling bullet hits you!!
You die...

≈≈≈≈≈≈≈≈≈≈≈≈≈..##.##**###**,,≈≈≈≈
≈≈≈≈≈≈≈≈≈≈≈....##..###..#*,,≈≈≈≈≈
≈≈≈≈≈≈≈≈≈≈...)(.†......≈≈≈,,,≈≈≈≈
≈≈≈≈≈≈≈≈≈≈...(<($.o...≈≈≈,,,,≈≈,,
≈≈≈≈≈≈≈≈≈≈≈....((.)......,,,,,,,,
≈≈≈≈≈≈≈≈≈≈≈...(.<(.##..#*,,**,,**
≈≈≈≈≈≈≈≈≈≈≈......).)#..#,,,**,,**
≈≈≈≈≈≈≈≈≈≈≈≈....(..../!.,,,,,,,,,
≈≈≈≈≈≈≈≈≈≈≈≈....@(.......,,,,,,,,
≈≈≈≈≈≈≈≈≈≈≈≈≈...c.o##c.P.,,,,,,,,
≈≈≈≈≈≈≈≈≈≈≈≈≈≈....o#,...⌠,,,,,,,,
≈≈≈≈≈≈≈≈≈≈≈≈≈≈..o..o.,.P.,,,,,,,,
≈≈≈≈≈≈≈≈≈≈≈≈≈≈.....o.?,..,,,,,,,,
≈≈≈≈≈≈≈≈≈≈≈≈≈≈.....##..S,,,,,,,⌠,
≈≈≈≈≈≈≈≈≈≈≈≈≈.≈....#*..P,,,,,,,,,
≈≈≈≈≈≈≈≈≈≈.≈..≈..(..,,..,,,,,,,,,
≈≈≈≈≈≈≈≈≈≈,,,,,,,,,,,,,,,,,,,,,,,


You could see 2 satyrs, a sea snake, 3 friendly orc knights, the friendly Argrim
the orc knight, the friendly Boldo the orc knight (fleeing) and the friendly
Warbeogh the orc knight (fleeing).

Vanquished Creatures
  Gastronok (D:10)
  A merfolk impaler (Shoals:1)
  3 orc high priests (Orc:2)
  An infernal demonspawn (Orc:2)
  Pikel (D:6)
  An unseen horror (D:11)
  A manticore (D:11)
  An orc knight (Orc:2)
  An orc sorcerer (Orc:2)
  A merfolk siren (Shoals:2)
  3 black mambas
  Joseph (D:9)
  A torpor snail (Lair:6)
  A spiny frog (Lair:2)
  2 komodo dragons
  2 polar bears (Lair:6)
  A merfolk (Shoals:2)
  A hornet (D:8)
  9 blink frogs
  A dream sheep (Lair:6)
  4 hippogriffs
  A snapping turtle (Shoals:1)
  14 spriggans
  13 yaks
  A steam dragon (Lair:5)
  A naga (Lair:4)
  A soldier ant (D:8)
  7 water moccasins
  7 porcupines
  Purgy (Sewer)
  A black bear (D:8)
  4 orc warriors
  A swamp drake (D:11)
  A phantom (D:6)
  An ice beast (D:11)
  5 sky beasts
  5 boggarts
  5 wolves (Lair:6)
  4 centaurs
  7 ogres
  4 crocodiles
  A big kobold (D:9)
  3 bullfrogs
  A gnoll sergeant (D:7)
  2 scorpions
  7 wights
  4 crimson imps
  A centaur zombie (D:6)
  A hound (D:8)
  4 orc priests
  A gnoll shaman (D:7)
  3 jellies
  2 orc wizards
  3 iguanas
  2 worker ants (D:11)
  2 hound zombies
  A worker ant zombie (D:6)
  6 adders
  8 gnolls (D:7)
  An adder zombie (D:7)
  3 worms
  2 dart slugs
  5 leopard geckos
  12 orcs
  7 bats
  8 giant cockroaches
  11 goblins
  7 hobgoblins
  16 jackals
  3 quokkas
  A ball python (D:7)
  6 frilled lizards
  13 kobolds
  6 rats
275 creatures vanquished.

Vanquished Creatures (collateral kills)
  A kraken (Shoals:3)
  A merfolk javelineer (Shoals:2)
  2 hydras
  A merfolk avatar (Shoals:2)
  6 merfolk aquamancers
  A centaur warrior (D:10)
  A two-headed ogre (D:11)
  A satyr (Shoals:2)
  3 orc high priests
  4 sea snakes
  11 spriggans
  3 torturous demonspawn (Orc:2)
  2 orc knights (Orc:2)
  A lindwurm (Lair:5)
  A manticore (Shoals:2)
  5 orc sorcerers
  A cyclops (Orc:1)
  6 fauns
  A rust devil (Orc:2)
  3 merfolk sirens (Shoals:2)
  4 black mambas
  2 water nymphs
  7 spiny frogs
  A gargoyle (D:12)
  3 komodo dragons
  2 rime drakes
  A red devil (Orc:2)
  A troll (D:9)
  4 merfolk
  2 polar bears (Lair:6)
  7 hornets
  4 wind drakes
  3 snapping turtles
  17 blink frogs
  7 dream sheep (Lair:6)
  3 hippogriffs
  A ynoxinul (Orc:2)
  2 water elementals
  10 yaks
  2 basilisks
  2 chaos spawn (Orc:2)
  A neqoxec (Orc:2)
  A warg (Orc:1)
  2 nagas (Lair:4)
  An acid dragon (Lair:5)
  10 water moccasins
  A swamp drake (Lair:5)
  2 porcupines
  14 orc warriors
  2 black bears
  3 ogres
  14 wolves (Lair:6)
  3 boggarts
  2 centaurs
  9 crocodiles
  A big kobold (D:12)
  3 bullfrogs
  A scorpion (D:9)
  A wight (D:12)
  An electric eel (Lair:5)
  2 howler monkeys (D:9)
  A crimson imp (D:8)
  A centaur zombie (D:9)
  9 orc priests
  4 hounds
  An orc wizard (D:11)
  A worker ant (D:9)
  A hound skeleton (D:10)
  An adder (D:9)
  2 worms (D:8)
  8 orcs
  3 jackals (D:8)
  A quokka (D:9)
  3 kobolds
  18 fungi
  12 plants
  4 tentacles (Shoals:3)
284 creatures vanquished.

Vanquished Creatures (others)
  5 orc knights
  An orc high priest (Orc:2)
  An orc sorcerer (Shoals:1)
  6 orc warriors
  A slave (D:6)
  A bullfrog (D:6)
  14 orc priests
  4 orc wizards
  38 orcs
  A worm (D:4)
  A leopard gecko (D:6)
  2 jackals (D:6)
  2 fungi
  4 plants
  7 tentacles (Shoals:3)
88 creatures vanquished.

Grand Total: 647 creatures vanquished

Notes
Turn   | Place    | Note
-------+----------+-------------------------------------------
     0 | D:1      | Monzz the Hill Orc Monk began the quest for the Orb.
     0 | D:1      | Reached XP level 1. HP: 19/19 MP: 1/1
   204 | D:1      | Reached XP level 2. HP: 24/27 MP: 2/2
   330 | D:1      | Reached skill level 1 in Short Blades
   550 | D:2      | Reached XP level 3. HP: 33/33 MP: 3/3
   751 | D:2      | Reached skill level 2 in Short Blades
   967 | D:2      | Reached XP level 4. HP: 40/40 MP: 4/4
  1086 | D:2      | Found a deep blue altar of Sif Muna.
  1622 | D:3      | Reached skill level 3 in Short Blades
  1665 | D:3      | Reached XP level 5. HP: 47/47 MP: 5/5
  2029 | D:3      | Found a glowing drain.
  2033 | Sewer    | Entered a sewer
  2127 | Sewer    | Noticed Purgy
  2181 | Sewer    | Killed Purgy
  2181 | Sewer    | Reached skill level 4 in Short Blades
  2181 | Sewer    | Reached skill level 1 in Armour
  2181 | Sewer    | Reached XP level 6. HP: 16/53 MP: 6/6
  2717 | D:4      | Became a worshipper of Beogh the Brigand
  2717 | D:4      | Reached * piety under Beogh
  2717 | D:4      | Reached ** piety under Beogh
  2776 | D:4      | You fall through a shaft for 3 floors!
  2840 | D:7      | Noticed a sky beast
  2850 | D:7      | Killed a sky beast
  2850 | D:7      | Reached skill level 5 in Short Blades
  2850 | D:7      | Reached XP level 7. HP: 53/60 MP: 7/7
  3130 | D:7      | Noticed a hippogriff
  3160 | D:7      | Killed a hippogriff
  3160 | D:7      | Reached skill level 5 in Fighting
  3160 | D:7      | Reached skill level 6 in Short Blades
  3367 | D:7      | Reached XP level 8. HP: 68/68 MP: 8/8
  3377 | D:7      | Reached skill level 1 in Evocations
  3639 | D:7      | Reached skill level 7 in Short Blades
  3926 | D:6      | Noticed Pikel
  3945 | D:6      | Killed Pikel
  3945 | D:6      | Reached skill level 8 in Short Blades
  3945 | D:6      | Reached skill level 5 in Armour
  3945 | D:6      | Reached XP level 9. HP: 58/74 MP: 8/10
  4009 | D:6      | Reached *** piety under Beogh
  4336 | D:6      | Reached skill level 9 in Short Blades
  4380 | D:6      | Found Zetiopt's Book Shoppe.
  4539 | D:6      | Found a staircase to the Ecumenical Temple.
  4859 | D:8      | Found a staircase to the Lair.
  5062 | D:8      | Noticed a hornet
  5071 | D:8      | Paralysed by a hornet for 2 turns
  5076 | D:8      | Killed a hornet
  5477 | D:8      | Noticed a hornet
  5482 | D:8      | Reached skill level 10 in Short Blades
  5487 | D:8      | Killed a hornet
  5844 | D:8      | Reached XP level 10. HP: 60/83 MP: 11/11
  6514 | D:9      | Found a basalt altar of Yredelemnul.
  6593 | D:9      | Found an ornate altar of the Wu Jian Council.
  6766 | D:9      | Noticed Joseph
  6782 | D:9      | Killed Joseph
  7292 | D:10     | Entered Level 10 of the Dungeon
  7306 | D:9      | Reached **** piety under Beogh
  7508 | D:10     | Noticed a centaur warrior
  7520 | D:10     | Killed a centaur warrior
  7520 | D:10     | Reached skill level 11 in Short Blades
  7802 | D:10     | Gained Norbak as an ally
  7878 | D:10     | Noticed Gastronok
  7900 | D:10     | Killed Gastronok
  7900 | D:10     | Reached skill level 1 in Throwing
  7933 | D:10     | Found an opulent altar of Gozag.
  8333 | D:11     | Got a fine chain mail
  8340 | D:11     | Reached XP level 11. HP: 87/92 MP: 12/12
  8390 | D:11     | Reached skill level 1 in Shields
  8586 | D:11     | Reached skill level 12 in Short Blades
  8592 | D:11     | Found a staircase to the Orcish Mines.
  8600 | D:11     | Noticed a two-headed ogre
  8613 | D:11     | Killed a two-headed ogre
  8623 | D:11     | Noticed a manticore
  8633 | D:11     | Killed a manticore
  8833 | D:11     | Identified the +8 chain mail "Ompe" {*Corrode rF+ Str+3}
                  | (You found it on level 11 of the Dungeon)
  8872 | D:11     | Noticed an unseen horror
  8885 | D:11     | Killed an unseen horror
  9626 | Lair:1   | Entered Level 1 of the Lair of Beasts
 10405 | Lair:2   | Found a staircase to the Shoals.
 10784 | Lair:2   | Reached skill level 5 in Dodging
 10941 | Lair:2   | Reached XP level 12. HP: 92/103 MP: 13/13
 10962 | Lair:2   | Reached skill level 10 in Armour
 11718 | Lair:3   | Gained Boldo as an ally
 11718 | Lair:3   | Reached skill level 13 in Short Blades
 12070 | Lair:3   | Noticed a spriggan rider
 12094 | Lair:3   | Killed a spriggan rider
 12215 | Lair:3   | Noticed a spriggan rider
 12255 | Lair:3   | Reached ***** piety under Beogh
 12426 | Lair:3   | Noticed a spriggan rider
 12434 | Lair:3   | Killed a spriggan rider
 12471 | Lair:3   | Reached skill level 10 in Fighting
 13391 | Orc:1    | Entered Level 1 of the Orcish Mines
 13395 | Orc:1    | Noticed an orc high priest
 13408 | Orc:1    | Killed an orc high priest
 13409 | Orc:1    | Gained Arbeogh as an ally
 13466 | Orc:2    | Entered Level 2 of the Orcish Mines
 13721 | Lair:4   | Found a staircase to the Snake Pit.
 14020 | Lair:4   | You fall through a shaft for 2 floors!
 14020 | Lair:6   | Entered Level 6 of the Lair of Beasts
 14740 | Lair:5   | Reached XP level 13. HP: 90/114 MP: 14/14
 15983 | Lair:6   | Reached skill level 14 in Short Blades
 15983 | Lair:6   | Reached skill level 5 in Shields
 16010 | Lair:6   | Reached ****** piety under Beogh
 16050 | Lair:6   | Your ally Arbeogh died
 16370 | Lair:6   | Your ally Norbak died
 16388 | Lair:6   | Gained Argrim as an ally
 16543 | Lair:6   | Identified the Collected Works on Malediction
 17385 | Orc:2    | Found Fyakol's Distillery.
 17386 | Orc:2    | Found Moqod's Magic Scroll Shoppe.
 17402 | Orc:2    | HP: 7/174 [orc warrior/glaive (20)]
 17423 | Orc:2    | Gained mutation: You are resistant to electric shocks.
                  | (rElec) [potion of mutation]
 17423 | Orc:2    | Gained mutation: You are agile. (Dex +2) [potion of
                  | mutation]
 17426 | Orc:2    | Gained Beowulf as an ally
 17830 | Orc:2    | Found a staircase to the Elven Halls.
 17954 | Orc:2    | Bought a scroll of enchant weapon for 105 gold pieces
 17954 | Orc:2    | Bought a scroll of random uselessness for 14 gold pieces
 17954 | Orc:2    | Bought a scroll of holy word for 105 gold pieces
 17954 | Orc:2    | Bought a scroll of identify for 28 gold pieces
 17954 | Orc:2    | Bought a scroll of random uselessness for 14 gold pieces
 17957 | Orc:2    | Bought a potion of resistance for 120 gold pieces
 17957 | Orc:2    | Bought a potion of curing for 36 gold pieces
 17957 | Orc:2    | Bought a potion of curing for 36 gold pieces
 17957 | Orc:2    | Bought a potion of curing for 36 gold pieces
 17957 | Orc:2    | Bought a potion of heal wounds for 60 gold pieces
 18096 | Orc:2    | Reached XP level 14. HP: 49/124 MP: 16/16
 18113 | Orc:2    | Found Balosur's Gadget Boutique.
 18113 | Orc:2    | Found Cetus's Antique Weapon Shop.
 18114 | Orc:2    | Found a one-way gate leading to the halls of Pandemonium.
 18123 | Orc:2    | Bought a wand of disintegration (10) for 224 gold pieces
 18123 | Orc:2    | Bought a wand of acid (11) for 480 gold pieces
 18984 | Lair:6   | Found a staircase to the Slime Pits.
 18985 | Lair:6   | Found a viscous altar of Jiyva.
 19106 | Lair:6   | Found a shadowy altar of Dithmenos.
 20006 | Shoals:1 | Entered Level 1 of the Shoals
 20040 | Shoals:1 | Reached skill level 1 in Invocations
 20098 | Shoals:1 | Got a smoking battleaxe
 20669 | Shoals:1 | Gained Warbeogh as an ally
 20851 | Shoals:2 | Your ally Beowulf died
 20874 | Shoals:2 | Identified the +6 battleaxe "Toik" {chop, Int-3 Dex+3 SInv}
                  | (You found it on level 1 of the Shoals)
 21094 | Shoals:2 | Got a blackened cloak
 21095 | Shoals:2 | Identified the +1 cloak of Youthful Indiscretion {rPois MR+
                  | Dex+2} (You found it on level 2 of the Shoals)
 22057 | Shoals:3 | Noticed a kraken
 22060 | Shoals:3 | Your ally Beowulf died
 22427 | Shoals:3 | Killed a kraken
 22435 | Shoals:3 | HP: 5/126 [satyr/sling bullet (27)]
 22436 | Shoals:3 | Shot with a sling bullet by a satyr

Skill      XL: |  1  2  3  4  5  6  7  8  9 10 11 12 13 14 |
---------------+-------------------------------------------+-----
Fighting       | 4 5 6 7 8 10 11 12 | 12.0
Short Blades   | 1 2 3 4 5 6 8 10 11 12 13 14 | 14.5
Armour         | 1 2 3 5 6 7 9 11 12 13 | 13.7
Dodging        | 3 4 5 6 |  6.1
Stealth        | 2 3 4 |  4.2
Evocations     | 1 2 3 |  3.6
Throwing       | 1 |  1.1
Shields        | 2 4 6 8 |  8.2
Invocations    | 2 |  2.8
Axes           | |  4.1

Action                   |  1- 3 |  4- 6 |  7- 9 | 10-12 | 13-15 || total
-------------------------+-------+-------+-------+-------+-------++-------
Melee: Hand axe          |    16 |       |       |       |       ||    16
       Short sword       |    74 |   234 |   258 |   581 |   291 ||  1438
Throw: Stone             |       |     2 |     5 |     4 |       ||    11
       Tomahawk          |       |       |       |       |     2 ||     2
Invok: Convert to Beogh  |       |     1 |       |       |       ||     1
       Recall Orcish Fol |       |       |       |     3 |     4 ||     7
       Give Item to Name |       |       |       |       |     4 ||     4
       Resurrection      |       |       |       |       |     1 ||     1
Evoke: Wand              |       |       |     9 |     7 |    16 ||    32
  Use: Scroll            |       |    13 |     4 |    20 |    18 ||    55
       Potion            |       |     1 |     2 |     6 |    16 ||    25
 Stab: Sleeping          |     5 |       |     1 |       |       ||     6
       Distracted        |       |       |     3 |     2 |     3 ||     8
       Paralysed         |       |       |       |       |     1 ||     1
  Eat: Chunk             |       |     4 |     8 |    16 |     5 ||    33
       Ration            |       |     1 |       |     4 |     6 ||    11
Armor: Robe              |    33 |     2 |       |       |       ||    35
       Scale mail        |       |    60 |       |       |       ||    60
       Skin              |       |     8 |       |       |     1 ||     9
       Ring mail         |       |    43 |    81 |    12 |       ||   136
       Chain mail        |       |       |       |   214 |   134 ||   348
Dodge: Dodged            |    55 |   125 |   135 |   171 |   126 ||   612
Block: Buckler           |       |       |       |   110 |   125 ||   235
